 Dungeon Crawl Stone Soup version 0.24-a0-251-g44e327e (webtiles) character file.

Game seed: 1283050490425617924

43 Hasart the Cutter (level 3, -1/22 HPs)
             Began as a Kobold Gladiator on Apr 16, 2019.
             Slain by Natasha (4 damage)
             ... on level 2 of the Dungeon.
             The game lasted 00:04:32 (1405 turns).

Hasart the Cutter (Kobold Gladiator)                Turns: 1405, Time: 00:04:33

Health: -1/22      AC:  5    Str: 12    XL:     3   Next: 82%
Magic:  3/3        EV: 16    Int:  9    God:
Gold:   135        SH:  0    Dex: 20    Spells: 2/2 levels left

rFire    . . .     SeeInvis .   a - +0 rapier
rCold    . . .     Gourm    .   (shield restricted)
rNeg     . . .     Faith    .   b - +0 leather armour
rPois    .         Spirit   .   c - +0 helmet
rElec    .         Reflect  .   k - +0 cloak
rCorr    .         Harm     .   (no gloves)
MR       .....                  (no boots)
Stlth    ++........             (no amulet)
HPRegen  0.07/turn              i - +4 ring of dexterity
MPRegen  0.08/turn              (no ring)

@: no status effects
A: small, carnivore
a: no special abilities


You were on level 2 of the Dungeon.
You were completely stuffed.

You visited 1 branch of the dungeon, and saw 2 of its levels.

You collected 135 gold pieces.

Inventory:

Hand Weapons
 a - a +0 rapier (weapon)
Missiles
 d - 3 throwing nets (quivered)
Armour
 b - a +0 leather armour (worn)
 c - a +0 helmet (worn)
 k - a +0 cloak (worn)
Jewellery
 i - a +4 ring of dexterity (left hand)
 l - an uncursed ring of ice
Scrolls
 g - a scroll of teleportation {unknown}
 h - 2 scrolls of identify {unknown}
 j - 2 scrolls of remove curse {unknown}
 m - a scroll of immolation {unknown}
 o - a scroll of enchant weapon {unknown}
Potions
 e - a potion of degeneration {unknown}
 n - a potion of curing {unknown}
Comestibles
 f - 4 rations


   Skills:
 + Level 2.6 Fighting
 * Level 4.7 Short Blades
 - Level 2.1 Throwing
 + Level 0.7 Armour
 + Level 3.9 Dodging
 + Level 1.8 Stealth


You had 2 spell levels left.
You didn't know any spells.
Your spell library was empty.

Dungeon Overview and Level Annotations

Branches:
Dungeon (2/15)

Altars:

Annotations:
D:2 Natasha


Innate Abilities, Weirdness & Mutations

You are small and have problems with some larger weapons.
You are carnivorous and can eat meat at any time.


Message History

Natasha claws you but does no damage. The kobold closely misses you.
The rat barely misses you.
You barely miss Natasha.
Natasha is moderately wounded.
Natasha claws you.
* * * LOW HITPOINT WARNING * * *
The kobold closely misses you. The rat completely misses you.
You closely miss Natasha.
Natasha is lightly wounded.
Natasha claws you.
* * * LOW HITPOINT WARNING * * *
The kobold closely misses you. The rat misses you.
You hit Natasha.
Natasha is heavily wounded.
Natasha casts a spell at you. You resist with significant effort.
The kobold misses you.
You hit Natasha.
Natasha is heavily wounded.
The rat misses you. Natasha claws you.
You die...

#....................#.....
#........###.#....#....#...
#........# #....#.#..#.#.#.
#........#####..#.#..#.#<#.
#........#......#....#####.
#######.##.####............
#.#....####...#######
#(.....#........<....
###.@..#.............
#rhK.#.............
#....#.............
.....#.............
.....##.............
......##.............
.......##.............
.......$##.............
#.............


You could see Natasha, a kobold and a rat.

Vanquished Creatures
  A shadow imp (D:2)
  6 bats
  A giant cockroach (D:1)
  4 goblins
  4 hobgoblins
  2 jackals (D:2)
  2 frilled lizards (D:1)
  9 kobolds
  4 rats
33 creatures vanquished.

Notes
Turn   | Place    | Note
-------+----------+-------------------------------------------
     0 | D:1      | Hasart the Kobold Gladiator began the quest for the Orb.
     0 | D:1      | Reached XP level 1. HP: 12/12 MP: 1/1
     0 | D:1      | Upgraded the game from 0.24-a0-250-g6074511 to
                  | 0.24-a0-251-g44e327e
   120 | D:1      | Reached XP level 2. HP: 16/17 MP: 2/2
   258 | D:1      | Reached skill level 1 in Stealth
   595 | D:1      | Reached XP level 3. HP: 22/22 MP: 3/3
  1394 | D:2      | Noticed Natasha
  1405 | D:2      | Slain by Natasha

Levels and vault maps discovered:
D:1:      scummos_arrival_checkerplants, layout_loops_ring
D:2:      layout_basic, nicolae_overflow_hidden_temple, uniq_natasha

Skill      XL: |  1  2 |
---------------+-------+-----
Stealth        | 1 |  1.8
Fighting       | |  2.6
Short Blades   | |  4.7
Throwing       | |  2.1
Armour         | |  0.7
Dodging        | |  3.9

Action                   || total
-------------------------++-------
Melee: Rapier            ||   118
 Stab: Sleeping          ||     2
  Eat: Chunk             ||    10
Armor: Leather armour    ||    34
Dodge: Dodged            ||   105

Table legend:
 A = Non-vault XP
 B = Vault XP
 C = Vault XP percentage of total XP
 D = Non-vault monster count
 E = Vault monster count
 F = Vault count percentage of total count
                 A         B        C        D         E       F
            +---------+---------+-------+---------+---------+-------
      Total |      62 |       0 |   0.0 |      33 |       0 |   0.0
            +---------+---------+-------+---------+---------+-------
        D:1 |      33 |       0 |   0.0 |      21 |       0 |   0.0
        D:2 |      29 |       0 |   0.0 |      12 |       0 |   0.0
            +---------+---------+-------+---------+---------+-------
